 Dungeon Crawl Stone Soup version 0.29.1-15-g9cfb28693d (webtiles) character file.

Game seed: 211211248182772166

28 hawla the Firebug (level 3, -10/26 HPs)
             Began as a Meteoran Fire Elementalist on Mar 27, 2023.
             Mangled by an orc
             ... wielding a +0 morningstar
              (12 damage)
             ... on level 2 of the Dungeon.
             The game lasted 00:02:27 (411 turns).

hawla the Firebug (Meteoran Fire Elementalist)       Turns: 411, Time: 00:02:28

Health: -10/26     AC:  2    Str:  9    XL:     3   Next: 50%
Magic:  3/8        EV: 12    Int: 18    God:
Gold:   39         SH:  0    Dex: 15    Spells: 5/8 levels left

rFire   . . .      SeeInvis .   (no weapon)
rCold   . . .      Faith    .   (no shield)
rNeg    . . .      Spirit   .   a - +0 robe
rPois   .          Reflect  .   (no helmet)
rElec   .          Harm     .   (no cloak)
rCorr   .          Rampage  .   (no gloves)
Will    .....                   (no boots)
Stlth   +.........              (no amulet)
HPRegen 0.08/turn               (no ring)
MPRegen 0.11/turn               (no ring)

@: glowing
A: sense surroundings 1, otherworldly, glowing, explore regen
a: no special abilities


You were on level 2 of the Dungeon.
You visited 1 branch of the dungeon, and saw 2 of its levels.

You collected 39 gold pieces.

Inventory:

Armour
 a - a +0 robe (worn)
Scrolls
 d - a scroll of fog
Potions
 b - 2 potions of magic


   Skills:
 + Level 2.5 Dodging
 - Level 1.4 Stealth
 + Level 3.3 Spellcasting
 + Level 1.5 Conjurations
 + Level 4.5 Fire Magic


You had 5 spell levels left.
You knew the following spells:

 Your Spells              Type           Power      Damage    Failure   Level
a - Foxfire               Conj/Fire      52%        2x1d6     4%          1
b - Scorch                Fire           38%        2d7       3%          2

Your spell library contained the following spells:

 Spells                   Type           Power      Damage    Failure   Level
 Conjure Flame            Conj/Fire      13%        6-21      14%         3
 Inner Flame              Hex/Fire       11%        N/A       19%         3
 Flame Wave               Conj/Fire      13%        2d6       41%         4
 Call Canine Familiar     Summ           2%         N/A       43%         3
 Portal Projectile        Hex/Tloc       4%         N/A       43%         3
 Leda's Liquefaction      Hex/Erth       1%         N/A       85%         4


Dungeon Overview and Level Annotations

Branches:
Dungeon (2/15) Zot: 789

Altars:


Innate Abilities, Weirdness & Mutations

You passively map a small area around you.
You are easily found by Zot.
You glow in the dark.
You regain HP and MP as you explore.


Message History

Confirm with . or Enter, or press ? or * to list all spells.
You don't have enough magic to cast this spell.
The foxfire hits the orc wizard.
The orc wizard is severely wounded.
The foxfire hits the orc wizard.
The orc wizard is severely wounded.
The foxfire hits the orc wizard but does no damage.
The orc wizard is severely wounded.
The orc wizard gestures wildly while chanting.
The orc wizard flickers and vanishes!
The foxfire hits something but does no damage.
You hear some strange, mumbled words.
You are confused.
An endoplasm comes into view.
You see here a +0 hand axe.
You bump into the rock wall.
You hear some strange, mumbled words.
A puff of flame appears from out of thin air!
The puff of flame hits you!
You closely miss something. Something hits you but does no damage.
You're too confused to cast spells.
Sorry, you're not good enough to have a special ability.
You're too confused to cast spells.
Sorry, you're not good enough to have a special ability.
Okay, then.
You hear some strange, mumbled words.
You are more confused.
You bump into the rock wall.
Something hits you. The orc attacks as you move away!
The orc hits you with a +0 morningstar. Something barely misses you.
A magic dart appears from out of thin air!
The magic dart hits you!
* * * LOW HITPOINT WARNING * * *
You're too confused to move!
The orc barely misses you.
You feel less confused. The orc attacks as you move away!
The orc hits you with a +0 morningstar.
* * * LOW HITPOINT WARNING * * *
The orc attacks as you move away! The orc hits you with a +0 morningstar!
You die...

####### ******** #.....# *,,,,,,*
########.....####*>,,,,,*
#......#.........,,...,,*
#.####........##**,...,,* #.#
###.......##*....,,** #### #.#
#<.@##.#........,,,* ...###
#.#####.#o##.#*.#.....,*,,
##...###.##....#....#*.....,.,,,,
####........######..##.|#....*,,,
#########...# #...).$.....,,,,
...## #...# #...#...#..#,,,,
##..#####...#* ##..##......,,,,
##..##......## #...#...##J,,,,
##.##.#.##..## #.#.#,....,,,*,


You could see an orc.

Vanquished Creatures
  A dart slug (D:1)
  2 orcs (D:2)
  4 ball pythons (D:1)
  A bat (D:1)
  An endoplasm (D:1)
  2 giant cockroaches (D:1)
  2 goblins (D:1)
  2 hobgoblins
  A kobold (D:2)
  A quokka (D:2)
  2 frilled lizards
  2 rats
21 creatures vanquished.

Vanquished Creatures (others)
  54 foxfires
54 creatures vanquished.

Grand Total: 75 creatures vanquished

Notes
Turn   | Place    | Note
-------+----------+-------------------------------------------
     0 | D:1      | hawla the Meteoran Fire Elementalist began the quest for
                  | the Orb.
     0 | D:1      | Reached XP level 1. HP: 14/14 MP: 5/5
    52 | D:1      | Reached XP level 2. HP: 10/20 MP: 2/6
    55 | D:1      | Learned a level 2 spell: Scorch
    96 | D:1      | Found a faded altar of an unknown god.
   104 | D:1      | Reached skill level 4 in Fire Magic
   260 | D:1      | Reached XP level 3. HP: 26/26 MP: 5/8
   411 | D:2      | Mangled by an orc

Illustrated notes

Levels and vault maps discovered:
D:1:      mainiacjoe_arrival_reflecting_pool, layout_rooms, serial_curves,
          eino_curves_03, eino_curves_03, eino_curves_02, eino_curves_01,
          nicolae_ecumenical_snake_handling
D:2:      layout_rooms, minmay_misc_feat_more_columns

Skill      XL: |  1  2 |
---------------+-------+-----
Fire Magic     | 4 |  4.5
Spellcasting   | 3 |  3.3
Dodging        | |  2.5
Stealth        | |  1.4
Conjurations   | |  1.5

Action                   || total
-------------------------++-------
Melee: Unarmed           ||    13
 Cast: Foxfire           ||    32
       Scorch            ||     2
  Use: Scroll            ||     4
Armor: Robe              ||    11
Dodge: Dodged            ||    18
